 Dungeon Sprint DCSS version 0.31.0-9-g3a7656b989 (webtiles) character file.

Game seed: 9730178066641039792

68 Heoruswealwe the Poker (level 4, -4/44 HPs)
             Began as a Minotaur Fighter on Feb 3, 2024.
             Slain by a kobold brigand
             ... wielding a +0 club
              (5 damage)
             ... in the Dungeon (Sprint IX: "|||||||||||||||||||||||||||||").
             The game lasted 00:00:58 (105 turns).

Heoruswealwe the Poker (Minotaur Fighter)            Turns: 105, Time: 00:00:58

Health: -4/44      AC:  7    Str: 22    XL:     4   Next: 1%
Magic:  3/3        EV:  9    Int:  5    God:
Gold:   0          SH:  4    Dex: 10    Spells: 3/3 levels left

rFire   . . .        a - +0 trident
rCold   . . .        d - +0 buckler
rNeg    . . .        c - +0 scale mail
rPois   .            (helmet restricted)
rElec   .            (no cloak)
rCorr   .            (no gloves)
SInv    .            (no boots)
Will    .....        (no amulet) Stlth
                     (no ring)
HPRegen 0.27/turn    (no ring)
MPRegen 0.08/turn

%: no teleportation
@: no status effects
A: horns 2, retaliatory headbutt
a: no special abilities


You were in the Dungeon.
You visited 1 branch

Inventory:

Hand Weapons
 a - a +0 trident (weapon)
Armour
 c - a +0 scale mail (worn)
 d - a +0 buckler (worn)
Jewellery
 n - a +3 ring of dexterity
 o - a +3 ring of strength
Wands
 m - a wand of roots (10)
Scrolls
 j - 2 scrolls of blinking
 l - 2 scrolls of amnesia
Potions
 b - a potion of might
 e - a potion of invisibility
 f - 2 potions of heal wounds
 g - a potion of haste
 h - 2 potions of magic
 i - a potion of berserk rage
 k - 4 potions of curing


   Skills:
 + Level 5.9 Fighting
 * Level 7.0 Polearms
 + Level 5.9 Armour
 - Level 3.6 Shields


You had 3 spell levels left.
You didn't know any spells.
Your spell library was empty.

Dungeon Overview and Level Annotations

Branches:
Dungeon (1/1)

Altars:
Cheibriados
Dithmenos
Elyvilon
Fedhas
Gozag
Hepliaklqana
Kikubaaqudgha
Makhleb
Nemelex Xobeh
Okawaru
Qazlal
Ru
Sif Muna
Trog
Uskayaw
Vehumet
Wu Jian
Xom
Yredelemnul
Zin
The Shining One
Jiyva
Lugonu


Innate Abilities, Weirdness & Mutations

You have a pair of horns on your head.
You reflexively headbutt those who attack you in melee.


Message History

You see here a +0 pair of gloves.
You see here a +2 ring mail.
n - a +3 ring of dexterity
o - a +3 ring of strength As you open the door, it creaks loudly!
A kobold brigand, a wyvern, an orc priest, a wraith, a vampire mosquito and a centaur come into view.
The kobold brigand is wielding a +0 club and quivering poisoned darts.
The kobold brigand shouts!
The wyvern hisses angrily.
The orc priest shouts!
The centaur shouts!
You miss the kobold brigand.
Your headbutt misses the kobold brigand.
You block the kobold brigand's attack.
You hit the kobold brigand.
Your headbutt misses the kobold brigand.
The kobold brigand is lightly wounded.
The orc priest miscasts a cantrip.
The kobold brigand hits you with a +0 club.
You hit the kobold brigand.
The kobold brigand is moderately wounded.
The kobold brigand hits you with a +0 club.
You hit the kobold brigand.
The kobold brigand is heavily wounded.
The kobold brigand hits you with a +0 club!
You closely miss the kobold brigand.
Your headbutt misses the kobold brigand.
The kobold brigand is heavily wounded.
The kobold brigand hits you with a +0 club.
The orc priest mumbles some strange prayers to Beogh against you.
Beogh smites you!
* * * LOW HITPOINT WARNING * * *
You barely miss the kobold brigand.
The kobold brigand is heavily wounded.
The kobold brigand closely misses you.
You barely miss the kobold brigand.
The kobold brigand is heavily wounded.
The kobold brigand closely misses you.
You puncture the kobold brigand!
The kobold brigand is almost dead.
The kobold brigand hits you with a +0 club.
You die...

▓!▓
▓.▓
▓)▓
▓.▓
▓[▓
▓[▓
▓[▓
▓.▓
▓@▓
▓K▓
▓k▓
▓W▓
▓o▓
▓y▓
▓c▓
▓.▓


You could see a wraith, a wyvern, a vampire mosquito, a kobold brigand, a
centaur and an orc priest.

Vanquished Creatures
  An iguana (D)
  A sleepcap (D)
  An adder (D)
  A dart slug (D)
  An endoplasm (D)
  A jackal (D)
  2 bats (D)
  A kobold (D)
  A rat (D)
10 creatures vanquished.

Notes
Turn   | Place    | Note
-------+----------+-------------------------------------------
     0 | D        | Heoruswealwe the Minotaur Fighter began the quest for the
                  | Orb.
     0 | D        | Reached XP level 1. HP: 19/19 MP: 0/0
     9 | D        | Reached skill level 3 in Polearms
    25 | D        | Noticed a sleepcap
    25 | D        | Noticed an iguana
    28 | D        | HP: 1/20 [sleepcap (18)]
    34 | D        | HP: 1/20 [sleepcap (12)]
    36 | D        | Killed a sleepcap
    37 | D        | Reached skill level 5 in Fighting
    37 | D        | Reached skill level 5 in Polearms
    37 | D        | Reached skill level 5 in Armour
    37 | D        | Reached XP level 2. HP: 3/29 MP: 1/1
    37 | D        | Reached XP level 3. HP: 3/36 MP: 2/2
    41 | D        | Reached skill level 6 in Polearms
    49 | D        | Reached skill level 7 in Polearms
    49 | D        | Reached XP level 4. HP: 20/44 MP: 3/3
    55 | D        | Found a snail-covered altar of Cheibriados.
    55 | D        | Found a shadowy altar of Dithmenos.
    55 | D        | Found a white marble altar of Elyvilon.
    55 | D        | Found a blossoming altar of Fedhas.
    55 | D        | Found an opulent altar of Gozag.
    56 | D        | Found a hazy altar of Hepliaklqana.
    57 | D        | Found a viscous altar of Jiyva.
    58 | D        | Found an ancient bone altar of Kikubaaqudgha.
    59 | D        | Found a corrupted altar of Lugonu.
    60 | D        | Found a burning altar of Makhleb.
    61 | D        | Found a sparkling altar of Nemelex Xobeh.
    62 | D        | Found an iron altar of Okawaru.
    63 | D        | Found a stormy altar of Qazlal.
    64 | D        | Found a sacrificial altar of Ru.
    65 | D        | Found a shimmering blue altar of Sif Muna.
    66 | D        | Found a bloodstained altar of Trog.
    67 | D        | Found a hide-covered altar of Uskayaw.
    68 | D        | Found a radiant altar of Vehumet.
    69 | D        | Found an ornate altar of the Wu Jian Council.
    70 | D        | Found a shimmering altar of Xom.
    71 | D        | Found a basalt altar of Yredelemnul.
    72 | D        | Found a glowing silver altar of Zin.
    73 | D        | Found a glowing golden altar of the Shining One.
    97 | D        | Noticed a kobold brigand
    97 | D        | Noticed a wyvern
    97 | D        | Noticed a wraith
    97 | D        | Noticed a vampire mosquito
    97 | D        | Noticed a centaur
   102 | D        | HP: 1/44 [orc priest/divine providence (16)]
   105 | D        | Slain by a kobold brigand

Illustrated notes

Levels and vault maps discovered:
D:        linesprint [early_d, line_temple, items_1, d_10, items_2, lair_1,
          lair_end, items_3, orc_1, orc_end, items_4, d_15, swamp_1, shoals_1,
          snake_1, spider_1, d_20, vaults_1, items_5, swamp_end, shoals_end,
          snake_end, spider_end, vaults_end, d_27, items_6, zot_1, zot_end,
          crypt_end, forest_end, elf_end, slime_end, tomb_end, abyss_end,
          pan_hell_end]

Skill      XL: |  1  2  3 |
---------------+----------+-----
Polearms       | 5 7 |  7.0
Fighting       | 5 |  5.9
Armour         | 5 |  5.9
Shields        | |  3.6

Action                     |  1- 3 |  4- 6 || total
---------------------------+-------+-------++-------
  Melee: Trident           |    29 |     8 ||    37
         Headbutt          |     7 |       ||     7
    Use: Potion            |     2 |       ||     2
 Armour: Scale mail        |    14 |     5 ||    19
  Dodge: Dodged            |    15 |     2 ||    17
  Block: Buckler           |     2 |     1 ||     3
